 Dungeon Crawl Stone Soup version 0.28.0-43-g3370ac3207 (webtiles) character file.

Game seed: 11949340963334520960

255 boopmooplesden the Slasher (level 5, -4/48 HPs)
             Began as a Minotaur Berserker on Mar 13, 2022.
             Was a Believer of Trog.
             Killed from afar by an orc wizard (10 damage)
             ... with a magic dart
             ... on level 3 of the Dungeon.
             The game lasted 00:02:46 (2548 turns).

boopmooplesden the Slasher (Minotaur Berserker)     Turns: 2548, Time: 00:02:48

Health: -4/48      AC:  5    Str: 21    XL:     5   Next: 91%
Magic:  4/4        EV: 12    Int:  4    God:    Trog [**....]
Gold:   97         SH:  0    Dex: 12    Spells: 4/4 levels left

rFire   . . .      SeeInvis .   k - +0 great sword
rCold   + . .      Faith    .   (shield currently unavailable)
rNeg    . . .      Spirit   .   c - +1 leather armour
rPois   .          Reflect  .   (helmet restricted)
rElec   .          Harm     .   (no cloak)
rCorr   .          Rampage  .   (no gloves)
Will    .....                   l - +0 pair of boots
Stlth   +.........              (no amulet)
HPRegen 0.16/turn               g - ring of protection from cold
MPRegen 0.09/turn               (no ring)

@: on berserk cooldown, slowed, very slow
A: horns 2, retaliatory headbutt
a: Renounce Religion, Berserk, Trog's Hand


You were on level 3 of the Dungeon.
You worshipped Trog.
Trog was pleased with you.
You visited 1 branch of the dungeon, and saw 3 of its levels.

You collected 97 gold pieces.

Inventory:

Hand Weapons
 a - a +0 falchion
 k - a +0 great sword (weapon)
Armour
 b - a +0 animal skin
 c - a +1 leather armour (worn)
 l - a +0 pair of boots (worn)
 n - a +0 scale mail
Jewellery
 g - a ring of protection from cold (left hand)
 j - a ring of resist corrosion
Scrolls
 e - a scroll of identify {unknown}
 h - a scroll of teleportation {unknown}
 i - a scroll of enchant armour
 m - a scroll of immolation {unknown}
Potions
 d - a potion of attraction {unknown}
 f - a potion of mutation {unknown}
 o - a potion of curing {unknown}


   Skills:
 + Level 5.1 Fighting
 + Level 6.0 Long Blades
 + Level 3.4 Armour
 + Level 3.1 Dodging
 + Level 0.8 Stealth


You had 4 spell levels left.
You didn't know any spells.
Your spell library was empty.

Dungeon Overview and Level Annotations

Branches:
Dungeon (3/15)

Altars:

Shops:
D:3 !


Innate Abilities, Weirdness & Mutations

You have a pair of horns on your head.
You reflexively headbutt those who attack you in melee.


Message History

An orc comes into view. It is wielding a +0 dagger. x2
You barely miss the orc. The orc hits you but does no damage.
The orc wizard hits you with a +0 dagger.
The orc hits you with a +0 short sword.
The orc wizard hits you with a +0 dagger.
The orc misses you.
You completely miss the orc wizard. You headbutt the orc wizard.
The orc wizard is lightly wounded.
The orc barely misses you. The orc wizard misses you. You furiously retaliate!
You headbutt the orc wizard. The orc barely misses you.
The orc hits you with a +0 short sword. The orc wizard closely misses you.
The orc hits you with a +0 hand axe.
* * * LOW HITPOINT WARNING * * *
You barely miss the orc wizard. Your headbutt misses the orc wizard.
The orc wizard is heavily wounded.
The orc hits you with a +0 short sword.
* * * LOW HITPOINT WARNING * * *
The orc wizard hits you but does no damage.
The orc hits you with a +0 hand axe.
* * * LOW HITPOINT WARNING * * *
The orc hits you but does no damage. The orc wizard misses you.
The orc hits you with a +0 hand axe.
* * * LOW HITPOINT WARNING * * *
The orc barely misses you. You furiously retaliate!
You headbutt the orc!
You kill the orc!
Trog accepts your kill.
You completely miss the orc wizard.
You headbutt the orc wizard, but do no damage.
The orc wizard is heavily wounded.
The orc wizard barely misses you. The orc closely misses you.
You furiously retaliate!
You headbutt the orc, but do no damage. The orc wizard closely misses you.
The orc hits you but does no damage.
Unknown command.
You barely miss the orc wizard.
The orc shouts!
Your headbutt misses the orc wizard.
The orc wizard is heavily wounded.
The orc wizard gestures at you while chanting.
The magic dart hits you!
You die...

#...#..#..####.#.
#...####.....<.#.
#...# #.#######. #o
#...# #.# #. #o #.).#
#.# #. #.o #...####.#
#. #.o. #...#....# #.
#.o.###...#.#### #.
#....#@...#.# #.
#...o)o.##.##########.
##..o..###.##.........
##...## #.##.########
##### #.##.# #.##.#
#.##.# #....# ######


You could see an orc wizard and 2 orcs.

Vanquished Creatures
  Sigmund (D:3)
  An adder (D:3)
  4 dart slugs
  An orc (D:3)
  7 endoplasms
  12 goblins
  6 hobgoblins
  6 jackals (D:1)
  2 quokkas
  5 ball pythons
  6 bats
  2 frilled lizards (D:2)
  8 kobolds
  6 rats
67 creatures vanquished.

Notes
Turn   | Place    | Note
-------+----------+-------------------------------------------
     0 | D:1      | boopmooplesden the Minotaur Berserker began the quest for
                  | the Orb.
     0 | D:1      | Reached XP level 1. HP: 19/19 MP: 0/0
   136 | D:1      | Reached XP level 2. HP: 16/27 MP: 1/1
   158 | D:1      | Reached skill level 4 in Long Blades
   561 | D:1      | Reached XP level 3. HP: 30/33 MP: 2/2
  1318 | D:2      | Reached ** piety under Trog
  1948 | D:2      | Reached XP level 4. HP: 32/41 MP: 3/3
  2345 | D:3      | Found Osuffoc's Distillery.
  2523 | D:3      | Noticed Sigmund
  2533 | D:3      | Killed Sigmund
  2534 | D:3      | Reached skill level 5 in Fighting
  2534 | D:3      | Reached skill level 6 in Long Blades
  2534 | D:3      | Reached XP level 5. HP: 40/48 MP: 4/4
  2548 | D:3      | Killed from afar by an orc wizard

Illustrated notes

Levels and vault maps discovered:
D:1:      lightli_arrival_farm, layout_rooms
D:2:      cheibrodos_greedy_goblins, layout_basic
D:3:      layout_loops_ring, gammafunk_temple_overflow_elements, serial_shops,
          nicolae_shop_hallway_stairs, nrook_uturn,
          chequers_serial_rivers_small_3, uniq_sigmund

Skill      XL: |  1  2  3  4 |
---------------+-------------+-----
Long Blades    | 4 6 |  6.0
Fighting       | 4 5 |  5.1
Armour         | 3 |  3.4
Dodging        | 3 |  3.1
Stealth        | |  0.8

Action                   |  1- 3 |  4- 6 || total
-------------------------+-------+-------++-------
Melee: Falchion          |    79 |       ||    79
       Headbutt          |    16 |     2 ||    18
       Great sword       |     8 |    26 ||    34
       Punch             |     1 |       ||     1
Invok: Berserk           |     1 |     1 ||     2
  Use: Scroll            |     3 |       ||     3
Armor: Animal skin       |     5 |       ||     5
       Leather armour    |    17 |    11 ||    28
Dodge: Dodged            |    61 |    28 ||    89
